[Event "ICCopen2017"]
[Site "Internet Chess Club"]
[Date "2017.03.25"]
[Round "4"]
[White "Bojack"]
[Black "AAlekin28"]
[Result "0-1"]
[ICCResult "White checkmated"]
[WhiteElo "1921"]
[BlackElo "2613"]
[Opening "Ruy Lopez: closed, Chigorin defense"]
[ECO "C97"]
[NIC "RL.23"]
[Time "14:40:17"]
[TimeControl "180+0"]

1. e4 e5 2. Nf3 Nc6 3. Bb5 a6 4. Ba4 Nf6 5. O-O d6 6. c3 b5 7. Bb3 Be7 8.
Re1 O-O 9. h3 Na5 10. Bc2 c5 11. d4 Qc7 12. d5 Nc4 13. b3 Nb6 14. Nbd2 c4
15. Bb2 Nfd7 16. Nf1 Nc5 17. Ng3 Bd7 18. Bc1 Rac8 19. Ng5 h6 20. Nf3 a5 21.
Be3 Ra8 22. Qd2 Rfc8 23. Rad1 Qd8 24. Nh2 cxb3 25. axb3 a4 26. b4 Nc4 27.
Qe2 Nb3 28. Qf3 Na3 29. Bd3 Rxc3 30. Ng4 Bf8 31. Nh5 Nc2 32. Bxc2 Rxc2 33.
Qg3 Bxg4 34. Qxg4 Kh8 35. Rd3 g6 36. Ng3 Kh7 37. Qf3 Qd7 38. Qd1 Rac8 39. f4
exf4 40. Bxf4 Bg7 41. Qf3 R2c4 42. e5 Nd4 43. Qf2 Nc2 44. e6 Qe7 45. Kh2 f5
46. Re2 a3 47. Rd1 a2 48. Be3 a1=Q 49. Rxa1 Nxa1 50. Re1 Nc2 51. Rf1 Nxe3
52. Qxe3 Rc3 53. Qf2 Be5 54. Kh1 Rxg3 55. Re1 Rgc3 56. Qd2 Rc2 57. Qd3 Qg5
58. Qf3 R2c3 59. Qf2 Rc2 60. Qf3 Rc1 61. Qf2 Rxe1+ 62. Qxe1 Rc1 63. Qf1
Rxf1# {White checkmated} 0-1

[Event "ICCopen2017"]
[Site "Internet Chess Club"]
[Date "2017.03.25"]
[Round "4"]
[White "Simba"]
[Black "Gravity"]
[Result "0-1"]
[ICCResult "White forfeits on time"]
[WhiteElo "1061"]
[BlackElo "1079"]
[Opening "French defense"]
[ECO "C00"]
[NIC "FR.01"]
[Time "14:40:16"]
[TimeControl "180+0"]

1. e4 e6 2. Nf3 d5 3. e5 a6 4. d4 Nc6 5. Bd3 b5 6. c3 Be7 7. O-O Bb7 8. Bf4
h6 9. Nbd2 Bg5 10. Bxg5 hxg5 11. Nxg5 Qxg5 12. Nf3 Qh6 13. h3 Nge7 14. Qd2
Ng6 15. Qxh6 Rxh6 16. Bxg6 Rxg6 17. Nh4 Rh6 18. Nf3 Ke7 19. Nh2 Rah8 20. Ng4
Rh4 21. f4 Na5 22. b3 Nc6 23. Kf2 Kf8 24. Ne3 Ne7 25. Kf3 Ng6 26. Ng4 f5 27.
Nh2 Rxf4+ 28. Ke2 Re4+ 29. Kd3 Nf4+ 30. Kc2 Re2+ 31. Kd1 Rxg2 32. Nf3 Rxh3
33. Rc1 Nd3 34. Rc2 Rxc2 35. Kxc2 Nf4 36. Kd2 g5 37. Nxg5 Rh2+ 38. Kc1 Ne2+
39. Kd2 Ng3+ {White forfeits on time} 0-1

[Event "ICCopen2017"]
[Site "Internet Chess Club"]
[Date "2017.03.25"]
[Round "4"]
[White "Kjaan1974"]
[Black "beaupre"]
[Result "0-1"]
[ICCResult "White forfeits on time"]
[WhiteElo "1382"]
[BlackElo "1760"]
[Opening "Sicilian defense"]
[ECO "B20"]
[NIC "SI.48"]
[Time "14:40:16"]
[TimeControl "180+0"]

1. e4 c5 2. h3 g6 3. Nf3 Bg7 4. c3 Nf6 5. d3 Nc6 6. Be3 d6 7. Be2 O-O 8. Qd2
b6 9. Nh2 b5 10. f4 b4 11. O-O a5 12. a3 Bd7 13. axb4 cxb4 14. c4 e6 15. Bf3
e5 16. f5 gxf5 17. exf5 Bxf5 18. Bxc6 Rc8 19. Bb5 Bg6 20. Qf2 Qc7 21. b3
Bxd3 22. Rc1 Bg6 23. Ra2 d5 24. Nd2 d4 25. Bg5 Qb6 26. Bxf6 Bxf6 27. Ng4 Bg5
28. Nxe5 Be3 29. Nd7 Bxf2+ 30. Kxf2 Qd6 31. Nxf8 Qf4+ 32. Kg1 Kxf8 33. Rf1
Qe3+ 34. Kh1 Bd3 35. Rf3 Qe2 36. Kg1 Rc5 37. Rf2 Qe1+ 38. Nf1 Rg5 39. Bc6
Bxf1 40. Rxf1 Qe3+ 41. Rff2 d3 42. Rd2 Rg3 43. Kh2 h5 44. Bd5 h4 45. Rxf7+
Ke8 46. Rdf2 Rg8 47. R7f3 Qe5+ 48. Rf4 Kd8 49. Bxg8 d2 50. Rf1 d1=Q 51.
Rxd1+ Kc7 52. Rf1 a4 53. bxa4 Kb6 54. Bd5 Ka5 55. Kh1 Kxa4 56. Re4 Qc3
{White forfeits on time}
0-1

[Event "ICCopen2017"]
[Site "Internet Chess Club"]
[Date "2017.03.25"]
[Round "4"]
[White "jasrom"]
[Black "arnav311004"]
[Result "0-1"]
[ICCResult "White forfeits on time"]
[WhiteElo "1996"]
[BlackElo "1681"]
[Opening "Sicilian: closed"]
[ECO "B23"]
[NIC "SI.44"]
[Time "14:40:26"]
[TimeControl "180+0"]

1. e4 c5 2. Nc3 d6 3. f4 Nf6 4. Nf3 Nc6 5. Bb5 Bd7 6. O-O Qc7 7. d3 e6 8.
Qe1 a6 9. Bxc6 Bxc6 10. f5 e5 11. Qg3 Rg8 12. Bg5 Be7 13. Rab1 O-O-O 14. a3
h6 15. Bd2 c4 16. b4 cxb3 17. Rxb3 Nd7 18. Be3 Bf6 19. Rfb1 Nc5 20. Bxc5
dxc5 21. Qf2 Be7 22. Nd2 b5 23. Nd1 Rd4 24. c4 Rgd8 25. Qe2 Qd7 26. Nf2 Bg5
27. Nf3 bxc4 28. Rb8+ Kc7 29. Rxd8 Qxd8 30. Nxd4 Qxd4 31. dxc4 Be3 32. Rf1
Bxe4 33. h3 Bd3 34. Qf3 Bxf1 35. Kxf1 Bxf2 36. Qxf2 Qxf2+ 37. Kxf2 f6 38.
Kf3 Kd7 39. Ke4 Kd6 40. g4 Kc6 41. a4 Kb6 42. Kd5 Ka5 43. Kxc5 Kxa4 44. Kb6
e4 45. c5 e3 46. c6 e2 47. c7 e1=Q 48. c8=Q Qe3+ 49. Kb7 Qb3+
{White forfeits on time}
0-1

[Event "ICCopen2017"]
[Site "Internet Chess Club"]
[Date "2017.03.25"]
[Round "4"]
[White "oscarshe"]
[Black "mrneale"]
[Result "1-0"]
[ICCResult "Black forfeits on time"]
[WhiteElo "1349"]
[BlackElo "1061"]
[Opening "Nimzo-Indian: classical, Noa variation, 5.a3"]
[ECO "E36"]
[NIC "NI.23"]
[Time "14:40:34"]
[TimeControl "180+0"]

1. d4 Nf6 2. c4 e6 3. Nc3 Bb4 4. Qc2 d5 5. a3 Bxc3+ 6. Qxc3 O-O 7. f3 Nbd7
8. Bg5 h6 9. Bh4 Qe8 10. e3 Nh7 11. Bd3 Ndf6 12. Ne2 c6 13. c5 b6 14. b4 b5
15. O-O Nd7 16. e4 f6 17. Bg3 e5 18. exd5 exd4 19. Qxd4 Ne5 20. d6 Nxd3 21.
Qxd3 Be6 22. Nf4 Bc4 23. Qd2 Bxf1 24. Rxf1 Qd7 25. Re1 Rfe8 26. Ng6 Rxe1+
27. Qxe1 Re8 28. Ne7+ Kh8 29. Qe4 {Black forfeits on time} 1-0

[Event "ICCopen2017"]
[Site "Internet Chess Club"]
[Date "2017.03.25"]
[Round "4"]
[White "HuevosDeLeon"]
[Black "zepelin"]
[Result "1-0"]
[ICCResult "Black checkmated"]
[WhiteElo "2610"]
[BlackElo "1976"]
[Opening "Robatsch defense"]
[ECO "A40"]
[NIC "KF.05"]
[Time "14:40:01"]
[TimeControl "180+0"]

1. d4 g6 2. e4 Bg7 3. Nc3 c5 4. dxc5 Bxc3+ 5. bxc3 Qa5 6. Qd4 Nf6 7. Qb4 Qc7
8. Bd3 Nc6 9. Qa4 Qe5 10. Bd2 Qxc5 11. Nf3 O-O 12. O-O d6 13. Rab1 a6 14.
Rb3 b5 15. Bxb5 Bd7 16. Bxc6 Bxc6 17. Qd4 Bxe4 18. Be3 Qxd4 19. Nxd4 Nd5 20.
c4 Nf6 21. f3 Bf5 22. Nxf5 gxf5 23. Rb7 Rfe8 24. Bg5 Rac8 25. Re1 Kg7 26.
Rexe7 Rxe7 27. Rxe7 Rxc4 28. Ra7 Ra4 29. Be3 Rxa2 30. c3 Nd5 31. Bd4+ Kg6
32. Rd7 Nf4 33. Rxd6+ Kh5 34. Be3 Ne2+ 35. Kf1 f4 36. Rd2 Ra1+ 37. Kxe2 fxe3
38. Kxe3 Kg6 39. Rd6+ f6 40. Rc6 Re1+ 41. Kf2 Rh1 42. Kg3 Rxh2 43. Kxh2 h5
44. Rxa6 h4 45. Ra5 f5 46. Kh3 Kf6 47. Kxh4 Kf7 48. Kg3 Ke6 49. Kf4 Kd7 50.
Rxf5 Kc6 51. Re5 Kd6 52. g4 Kc6 53. g5 Kc7 54. g6 Kb6 55. g7 Kc6 56. g8=Q
Kb7 57. Qg6 Kc7 58. Rf5 Kc8 59. Rf7 Kd8 60. Qg8# {Black checkmated} 1-0

[Event "ICCopen2017"]
[Site "Internet Chess Club"]
[Date "2017.03.25"]
[Round "4"]
[White "GrandPatzer5"]
[Black "bythebook"]
[Result "1-0"]
[ICCResult "Black forfeits on time"]
[WhiteElo "1923"]
[BlackElo "1544"]
[Opening "Dunst (Sleipner, Heinrichsen) opening"]
[ECO "A00"]
[NIC "VO.15"]
[Time "14:40:37"]
[TimeControl "180+0"]

1. Nc3 Nf6 2. e4 d6 3. f4 c5 4. Nf3 Nc6 5. Bb5 Bd7 6. O-O a6 7. Bxc6 Bxc6 8.
d3 b5 9. Qe1 e6 10. Be3 Be7 11. Kh1 d5 12. e5 Nd7 13. d4 c4 14. Ne2 g6 15.
c3 a5 16. g4 h5 17. gxh5 Rxh5 18. Ng3 Rh7 19. Ng5 Bxg5 20. fxg5 Qe7 21. b3
a4 22. bxa4 Rxa4 23. Rf2 b4 24. Rb2 bxc3 25. Qxc3 Ra3 26. Qc1 Rd3 27. Nf1
Qa3 28. Rab1 Nxe5 29. Rb8+ Ke7 30. Qxa3+ Rxa3 31. dxe5 d4+ 32. Kg1 dxe3 33.
R8b6 Bd5 34. Re1 Rxa2 35. Nxe3 Be4 36. Ng4 {Black forfeits on time} 1-0

[Event "ICCopen2017"]
[Site "Internet Chess Club"]
[Date "2017.03.25"]
[Round "4"]
[White "LionKing93"]
[Black "leonardoalmeida"]
[Result "0-1"]
[ICCResult "White forfeits on time"]
[WhiteElo "2123"]
[BlackElo "1914"]
[Opening "Scandinavian (center counter) defense"]
[ECO "B01"]
[NIC "SD.01"]
[Time "14:40:15"]
[TimeControl "180+0"]

1. e4 d5 2. exd5 Qxd5 3. Nc3 Qa5 4. d4 c6 5. Bd2 Qb6 6. Nf3 Bg4 7. Bc4 e6 8.
h3 Bxf3 9. Qxf3 Qxd4 10. Bb3 Nf6 11. O-O-O Qb6 12. Be3 Qa5 13. g4 h6 14. g5
hxg5 15. Rhg1 Nbd7 16. Rxg5 Qc7 17. Bf4 Qb6 18. Ne4 Nxe4 19. Qxe4 O-O-O 20.
Be3 Bc5 21. Rxg7 Bxe3+ 22. Qxe3 Qxe3+ 23. fxe3 Ne5 24. Rg5 Rxd1+ 25. Kxd1
Nd7 26. Rg3 Kd8 27. Ke2 Ke7 28. c3 Ne5 29. Bc2 a5 30. Be4 f5 31. Bc2 Kf6 32.
e4 f4 33. Rg1 Rxh3 34. Rg8 Rh2+ 35. Kd1 Nc4 36. Bb3 Nxb2+ 37. Ke1 Nd3+ 38.
Kf1 Ke5 39. Rg5+ Kxe4 40. Bxe6 Ke3 41. Bc4 Rf2+ 42. Kg1 Rb2 43. Rf5 Ke4 44.
Bxd3+ Kxd3 45. Rxf4 Kxc3 46. Ra4 Rb5 47. Kf1 b6 48. Ra3+ Kc4 49. Rh3 Rb1+
50. Ke2 Rb2+ 51. Kd1 Rxa2 52. Rh4+ Kb5 53. Kc1 Ka6 54. Kb1 Rg2 55. Rh6 c5
56. Rh5 c4 57. Rh6 a4 58. Rh4 b5 59. Rh6+ Ka5 60. Rh5 Kb4 61. Ka1 a3 62. Kb1
Ka4 63. Rh3 b4 64. Rh4 Kb3 65. Rh3+ c3 66. Rh1 a2+ 67. Ka1 Kc4 68. Rc1 b3
69. Rxc3+ Kb4 {White forfeits on time} 0-1

[Event "ICCopen2017"]
[Site "Internet Chess Club"]
[Date "2017.03.25"]
[Round "4"]
[White "Chaos23"]
[Black "Iandmyself"]
[Result "0-1"]
[ICCResult "White forfeits on time"]
[WhiteElo "1908"]
[BlackElo "2492"]
[Opening "QGD"]
[ECO "D30"]
[NIC "QP.08"]
[Time "14:40:10"]
[TimeControl "180+0"]

1. d4 d5 2. c4 e6 3. Nf3 Nf6 4. Bg5 Be7 5. cxd5 Nxd5 6. Bxe7 Qxe7 7. e4 Nf6
8. Bd3 c5 9. O-O O-O 10. e5 Nd5 11. Qc2 h6 12. Qxc5 Qxc5 13. dxc5 Bd7 14.
Rc1 a5 15. Na3 Rc8 16. Nb5 Bxb5 17. Bxb5 Na6 18. c6 bxc6 19. Bxc6 Rab8 20.
Bxd5 exd5 21. b3 Nb4 22. a3 Nc2 23. Rab1 Nxa3 24. Rxc8+ Rxc8 25. Ra1 Rc3 26.
Kf1 Rxb3 27. Nd4 Rb1+ 28. Rxb1 Nxb1 29. Nc6 a4 30. Ke2 a3 31. Nb4 Nc3+ 32.
Kd3 a2 33. Nc2 Nb5 34. f4 h5 35. Na1 f6 36. exf6 gxf6 37. Kc2 d4 38. Kb2 Nc3
39. Nb3 Ne2 40. Kxa2 Kf7 41. Kb2 Ke6 42. Kc2 Kd5 43. g3 Ke4 44. Kd2 Ng1 45.
Nc5+ Kf3 46. Nd7 f5 47. Nf6 h4 48. gxh4 Kxf4 49. h5 Kg5 50. Nd5 Kxh5 51.
Nf4+ Kg5 52. Ne6+ Kg4 53. Nxd4 f4 54. Ne6 f3 55. Ke3 Nh3 56. Nd4 f2 57. Nc2
Kh4 58. Nb4 f1=Q {White forfeits on time} 0-1

[Event "ICCopen2017"]
[Site "Internet Chess Club"]
[Date "2017.03.25"]
[Round "4"]
[White "gladiator46"]
[Black "shally"]
[Result "0-1"]
[ICCResult "White forfeits on time"]
[WhiteElo "1606"]
[BlackElo "1905"]
[Opening "Sicilian: Sozin attack"]
[ECO "B86"]
[NIC "SI.19"]
[Time "14:40:56"]
[TimeControl "180+0"]

1. e4 c5 2. Nf3 e6 3. d4 cxd4 4. Nxd4 Nf6 5. Nc3 d6 6. Bc4 a6 7. Bg5 b5 8.
Bb3 Bb7 9. f4 Be7 10. Qf3 b4 11. Bxf6 Bxf6 12. Nce2 O-O 13. O-O-O Qb6 14.
Rhf1 a5 15. Ba4 Na6 16. Nb5 Rfd8 17. Qf2 Qxf2 18. Rxf2 Bc6 19. c4 Nc5 20.
Bc2 Be7 21. Ng3 a4 22. e5 dxe5 23. Rxd8+ Rxd8 24. fxe5 b3 25. axb3 axb3 26.
Bb1 Bg5+ {White forfeits on time} 0-1

[Event "ICCopen2017"]
[Site "Internet Chess Club"]
[Date "2017.03.25"]
[Round "4"]
[White "JUGGERNOT"]
[Black "BMWHero"]
[Result "1/2-1/2"]
[ICCResult "Game drawn because neither player has mating material"]
[WhiteElo "1831"]
[BlackElo "2049"]
[Opening "Bird's opening"]
[ECO "A03"]
[NIC "VO.07"]
[Time "14:40:13"]
[TimeControl "180+0"]

1. f4 d5 2. Nf3 g6 3. e3 Bg7 4. Be2 c5 5. O-O Nc6 6. d3 Nf6 7. Qe1 O-O 8.
Nc3 d4 9. Nd1 dxe3 10. Bxe3 b6 11. h3 Nd5 12. Bd2 Bb7 13. c3 Qd7 14. Qg3
Rfe8 15. Re1 Rad8 16. Bf1 Nc7 17. Nf2 Ba6 18. Rad1 e6 19. Ne5 Nxe5 20. fxe5
Qa4 21. a3 Qb3 22. Bg5 Rd7 23. Rd2 h6 24. Bf6 Nd5 25. Ne4 Nxf6 26. exf6 Bf8
27. h4 Qd5 28. Qf4 Red8 29. Red1 Bb7 30. Qf2 Qf5 31. Qxf5 exf5 32. Nf2 Rd6
33. Nh3 Rxf6 34. Nf4 Bd6 35. g3 Ba6 36. d4 Bxf1 37. Kxf1 Bxf4 38. gxf4 cxd4
39. Rxd4 Rxd4 40. Rxd4 Re6 41. Kf2 Re4 42. Rxe4 fxe4 43. Ke3 f5 44. b4 b5
45. Kd4 Kf7 46. c4 bxc4 47. Kxc4 Ke6 48. Kd4 Kd6 49. a4 a6 50. Kc4 Kc6 51.
Kd4 Kd6 52. Kc4 Ke6 53. Kd4 Ke7 54. Kc4 Kd7 55. Kd4 Kc7 56. Kc4 Kc6 57. Kd4
Kd6 58. Kc4 e3 59. Kd3 Kd5 60. Kxe3 Kc4 61. b5 axb5 62. axb5 Kc5 63. b6 Kxb6
64. Kd4 Kb5 65. Ke5 Kc5 66. Kf6 Kd4 67. Kxg6 Ke4 68. Kxh6 Kxf4 69. Kg6 Kg4
70. h5 f4 71. h6 f3 72. h7 f2 73. h8=Q f1=Q 74. Qh5+ Kg3 75. Qg5+ Kh3 76.
Qh5+ Kg3 77. Qg5+ Kh2 78. Qh5+ Kg2 79. Qg5+ Kh3 80. Qh5+ Kg3 81. Qg5+ Kf2
82. Qf5+ Kg2 83. Qxf1+ Kxf1
{Game drawn because neither player has mating material}
1/2-1/2

[Event "ICCopen2017"]
[Site "Internet Chess Club"]
[Date "2017.03.25"]
[Round "4"]
[White "wolfshead"]
[Black "AnthonyRaelund"]
[Result "1-0"]
[ICCResult "Black forfeits on time"]
[WhiteElo "1683"]
[BlackElo "1433"]
[Opening "Sicilian: wing gambit deferred"]
[ECO "B50"]
[NIC "SI.01"]
[Time "14:40:35"]
[TimeControl "180+0"]

1. e4 c5 2. Nf3 d6 3. b4 Nf6 4. bxc5 Nxe4 5. cxd6 Nxd6 6. d4 g6 7. c3 Bg7 8.
Be2 O-O 9. O-O Nc6 10. Bg5 h6 11. Bf4 Bg4 12. h3 Be6 13. d5 Bxd5 14. Qxd5
Nb4 15. cxb4 Bxa1 16. Bxh6 Bg7 17. Bxg7 Kxg7 18. Nc3 Rb8 19. a4 Qb6 20. Qe5+
Kg8 21. Nd5 Qd8 22. Nxe7+ Kh7 23. Ng5+ Kh6 24. Rd1 Re8 25. Rxd6 Qxe7 26.
Qxe7 Rxe7 27. Bf3 Kxg5 28. Rd5+ Kf6 29. b5 Re1+ 30. Kh2 b6 31. Rd7 Re7 32.
Rxe7 Kxe7 33. g4 Rd8 34. Kg3 Rd4 35. Bc6 Rxa4 36. f4 Rd4 37. Kh4 Rd3 38. g5
Kf8 39. Kg4 Kg7 40. h4 Rd4 41. h5 Rc4 42. h6+ Kh7 43. Bd5 a5 44. bxa6
{Black forfeits on time}
1-0

[Event "ICCopen2017"]
[Site "Internet Chess Club"]
[Date "2017.03.25"]
[Round "4"]
[White "Norgeman"]
[Black "CapitanCentella"]
[Result "0-1"]
[ICCResult "White forfeits on time"]
[WhiteElo "1515"]
[BlackElo "1830"]
[Opening "Queen's pawn game, Darooha variation "]
[ECO "D02"]
[NIC "QP.08"]
[Time "14:39:58"]
[TimeControl "180+0"]

1. d4 d5 2. Nf3 Nf6 3. g3 e6 4. Bg2 c6 5. O-O Nbd7 6. Nc3 Ne4 7. Nxe4 dxe4
8. Nd2 f5 9. e3 Be7 10. f3 exf3 11. Nxf3 O-O 12. Qd3 Bf6 13. c3 Nb6 14. e4
Bd7 15. Ne5 Be8 16. Nc4 Nxc4 17. Qxc4 Bf7 18. Qd3 Bg6 19. e5 Bg5 20. Bf4
Bxf4 21. Rxf4 Qb6 22. b4 a5 23. Qc4 Bf7 24. a4 axb4 25. cxb4 Rfd8 26. a5 Qa6
27. Qc5 Qd3 28. Bf1 Qe3+ 29. Kg2 g5 30. Rf2 Qe4+ 31. Kg1 Qxd4 32. Qe7 Qxa1
33. Qxg5+ Bg6 34. h4 Qxe5 35. h5 Qg7 36. hxg6 Qxg6 37. Qe3 Rd5 38. Rg2 Rad8
39. Be2 Rd2 40. b5 cxb5 41. Bxb5 Kf7 42. Rxd2 Qxg3+ 43. Qxg3 Rxd2 44. Qe3
Rd5 45. Qb6 Kf6 46. Bc4 Re5 47. Qf2 f4 48. Be2 Rf5 49. Bf3 e5 50. Qb6+ Kg5
51. Qxb7 e4 52. Bxe4 Re5 53. a6 f3 54. a7 Kf4 55. Kf2 Rxe4 56. a8=Q Re2+ 57.
Kf1 Re4 58. Qf8+ Ke3 {White forfeits on time} 0-1

[Event "ICCopen2017"]
[Site "Internet Chess Club"]
[Date "2017.03.25"]
[Round "4"]
[White "kentaur"]
[Black "jeffers9"]
[Result "1-0"]
[ICCResult "Black checkmated"]
[WhiteElo "1640"]
[BlackElo "1381"]
[Opening "King's pawn opening"]
[ECO "B07"]
[NIC "VO.17"]
[Time "14:40:20"]
[TimeControl "180+0"]

1. e4 d6 2. f4 c5 3. Nf3 Nf6 4. Nc3 Nc6 5. d3 e6 6. h3 g6 7. g4 Bg7 8. Bg2
O-O 9. O-O Re8 10. Ne2 Rb8 11. c3 b5 12. Ng3 a5 13. f5 d5 14. g5 Nd7 15. f6
Bh8 16. h4 d4 17. Qe2 e5 18. Nh2 Nb6 19. Ng4 Be6 20. Nh6+ Kf8 21. h5 Qd7 22.
hxg6 hxg6 23. Bd2 c4 24. Kf2 cxd3 25. Qxd3 Bc4 26. Qc2 Bxf1 27. Rxf1 Nc4 28.
Rh1 Bxf6 29. gxf6 Qe6 30. Nhf5 Qxf6 31. Bh6+ Kg8 32. Qe2 gxf5 33. Nxf5 Ne3
34. Bxe3 dxe3+ 35. Qxe3 Red8 36. Qg3+ Kf8 37. Rh6 Qxh6 38. Nxh6 Ke7 39. Qg5+
Kd7 40. Nf5 Kc7 41. Qf6 Rd2+ 42. Kg1 Rbd8 43. Qxf7+ R8d7 44. Qf6 Nd8 45. Ne3
Rf7 46. Qxe5+ Kb6 47. Nd5+ Ka6 48. Nc7+ Kb7 49. Nxb5 Kb6 50. Nd4 Rd1+ 51.
Kh2 Rh7+ 52. Kg3 Rd3+ 53. Kf2 Nb7 54. Ke2 Re3+ 55. Kxe3 Rc7 56. Qb5+ Ka7 57.
Nc6+ Ka8 58. Qa6# {Black checkmated} 1-0

[Event "ICCopen2017"]
[Site "Internet Chess Club"]
[Date "2017.03.25"]
[Round "4"]
[White "kamalchandran"]
[Black "Vertdeces"]
[Result "0-1"]
[ICCResult "White checkmated"]
[WhiteElo "1774"]
[BlackElo "1724"]
[Opening "St. George (Baker) defense"]
[ECO "B00"]
[NIC "VO.17"]
[Time "14:39:45"]
[TimeControl "180+0"]

1. e4 a6 2. d4 d6 3. Nf3 Nd7 4. Nc3 e6 5. Be3 b5 6. a3 Bb7 7. Bd3 g6 8. O-O
h6 9. Re1 Bg7 10. d5 e5 11. Nd2 g5 12. Ne2 Ne7 13. c4 bxc4 14. Nxc4 Ng6 15.
Na5 Qc8 16. Qb3 Nb6 17. Bxb6 cxb6 18. Qxb6 Rb8 19. Rec1 Qd7 20. Rc7 Qa4 21.
Nxb7 Rxb7 22. Qxb7 O-O 23. Nc3 Qd4 24. Rc4 Qxd3 25. Rc6 Nf4 26. Rd1 Qc2 27.
Re1 Qd2 28. Ra1 Nd3 29. Rf1 g4 30. Qxa6 Nxb2 31. Nb1 Qf4 32. Qe2 Na4 33. Qb5
Nc5 34. Rxd6 Nxe4 35. Rc6 h5 36. d6 h4 37. Rc4 g3 38. Qd5 gxf2+ 39. Kh1 Ng3+
40. hxg3 Qxg3 41. Qf3 Qg5 42. Qg4 Qe3 43. Qe4 Qg3 44. Qf3 Qg6 45. Nd2 f5 46.
Rxf2 e4 47. Qf4 Bh6 48. Qxh4 e3 49. Rf3 exd2 50. Rd4 f4 51. Rxd2 Qe6 52. Rd5
Qxd5 53. Qg4+ Kh7 54. Qd7+ Rf7 55. Rh3 Qd1+ 56. Kh2 Rxd7 57. Rxh6+ Kxh6 58.
Kh3 Qxd6 59. Kh4 Qg6 60. Kh3 Qg3# {White checkmated} 0-1

[Event "ICCopen2017"]
[Site "Internet Chess Club"]
[Date "2017.03.25"]
[Round "4"]
[White "Voltage"]
[Black "UAE2002"]
[Result "0-1"]
[ICCResult "White forfeits on time"]
[WhiteElo "2457"]
[BlackElo "1938"]
[Opening "Mieses opening"]
[ECO "A00"]
[NIC "VO.13"]
[Time "14:40:06"]
[TimeControl "180+0"]

1. d3 c5 2. Nf3 Nc6 3. g3 g6 4. Bg2 Bg7 5. O-O e5 6. c4 d6 7. Nc3 Nge7 8.
Ne1 O-O 9. Nc2 h6 10. Ne3 Kh7 11. Ned5 Nxd5 12. Nxd5 Ne7 13. Nc3 Be6 14. Bd2
Rb8 15. a3 Qd7 16. Rb1 a5 17. b4 axb4 18. axb4 b6 19. b5 f5 20. Qc2 f4 21.
Ne4 d5 22. cxd5 Nxd5 23. Nc3 Nxc3 24. Bxc3 Bh3 25. Qb3 Bxg2 26. Kxg2 fxg3
27. hxg3 Qg4 28. f3 Qd7 29. Qc4 Ra8 30. Ra1 Rxa1 31. Rxa1 Qb7 32. Qe4 Qxe4
33. fxe4 Rf7 34. Ra6 Rb7 35. Ra8 Re7 36. Rb8 Re6 37. g4 g5 38. Rb7 Kg6 39.
Kf2 Bf6 40. Ke1 h5 41. gxh5+ Kxh5 42. Kf2 g4 43. Kg2 Kg5 44. Rb8 Kg6 45. Rb7
Kg5 46. Bd2+ Kg6 47. Kg3 Bg5 48. Bxg5 Kxg5 49. Rg7+ Kf6 50. Rxg4 Re8 51. Kf3
Ra8 52. Rh4 Kg6 53. Rg4+ Kf6 54. Ke3 Ra5 55. Rh4 Rxb5 56. Rh6+ Ke7 57. Kf3
Rb2 58. Kg4 b5 59. Kf5 b4 60. Kxe5 Rxe2 61. Rh7+ Kf8 62. Kf6 Rf2+ 63. Ke6 b3
64. Rc7 b2 65. Rb7 Kg8 66. Kd5 Rc2 67. e5 Kf8 68. Ke6 Rd2 69. Kf6 Ke8 70.
Ke6 Kd8 71. Rb8+ Kc7 72. Rb3 Kc6 73. Kf5 c4 74. dxc4 Kc5 75. Rb5+ Kxc4 76.
Rb8 Kc3 77. Ke6 Kc2 78. Rc8+ Kb1 79. Rb8 Rc2 80. Ra8 Kc1 81. Rb8 b1=Q 82.
Rd8 Qb3+ 83. Rd5 Rc4 84. Kf6 Rd4 85. Kg6 Qxd5 86. e6 Qe5
{White forfeits on time}
0-1

[Event "ICCopen2017"]
[Site "Internet Chess Club"]
[Date "2017.03.25"]
[Round "4"]
[White "schindi24"]
[Black "sanka"]
[Result "0-1"]
[ICCResult "White forfeits on time"]
[WhiteElo "1296"]
[BlackElo "1300"]
[Opening "Old Indian defense"]
[ECO "A53"]
[NIC "OI.04"]
[Time "14:41:49"]
[TimeControl "180+0"]

1. d4 Nf6 2. c4 d6 3. Nc3 g6 4. Qc2 Bg7 5. e4 O-O 6. e5 dxe5 7. dxe5 Nfd7 8.
f4 Nc6 9. Nf3 Nc5 10. Be3 b6 11. Rd1 Qe8 12. Bxc5 bxc5 13. Nb5 a6 14. Nxc7
Bf5 15. Bd3 Bxd3 16. Qxd3 Nb4 17. Qb3 Qc6 18. Nxa8 Qe4+ 19. Kf2 Rxa8 20.
Rhe1 Qxf4 21. a3 Nc6 22. Qb7 Rb8 23. Qxc6 Rxb2+ 24. Kg1 Qg4 25. Rd8+ Bf8 26.
Rd2 Rxd2 27. Nxd2 Qd4+ 28. Kh1 Qxd2 {White forfeits on time} 0-1

[Event "ICCopen2017"]
[Site "Internet Chess Club"]
[Date "2017.03.25"]
[Round "4"]
[White "Atomrod"]
[Black "xionoula"]
[Result "1-0"]
[ICCResult "Black forfeits on time"]
[WhiteElo "2318"]
[BlackElo "1808"]
[Opening "Queen's pawn game, Darooha variation "]
[ECO "D11"]
[NIC "QP.08"]
[Time "14:39:38"]
[TimeControl "180+0"]

1. d4 d5 2. Nf3 Nf6 3. c4 c6 4. Qc2 g6 5. Bf4 Bf5 6. Qb3 Na6 7. Nc3 Nb4 8.
Qxb4 e5 9. Qxb7 Rb8 10. Qxc6+ Bd7 11. Qa6 exf4 12. e3 fxe3 13. fxe3 Bb4 14.
c5 O-O 15. Bd3 Qe7 16. Kd2 Ne4+ 17. Bxe4 dxe4 18. Ne5 Bb5 19. Qd6 Qg5 20. g3
Rfd8 21. Qc7 Rf8 22. Rhg1 Rbc8 23. Qb7 Rb8 24. Qxa7 Qh5 25. Rg2 f6 26. Nd7
Bxd7 27. Qxd7 Bxc3+ 28. Kxc3 Qf3 29. Qd5+ Kg7 30. Rd2 Qxe3+ 31. Kc2 Rbd8 32.
Qc4 f5 33. Qc3 Qg5 34. d5+ Kh6 35. d6 Rf7 36. h4 Qg4 37. Rf1
{Black forfeits on time}
1-0

[Event "ICCopen2017"]
[Site "Internet Chess Club"]
[Date "2017.03.25"]
[Round "4"]
[White "knightspirit"]
[Black "Marcoluis"]
[Result "1-0"]
[ICCResult "Black forfeits on time"]
[WhiteElo "1223"]
[BlackElo "1620"]
[Opening "Sicilian: Najdorf, Byrne (English) attack"]
[ECO "B90"]
[NIC "SI.14"]
[Time "14:41:13"]
[TimeControl "180+0"]

1. e4 c5 2. Nf3 d6 3. d4 cxd4 4. Nxd4 Nf6 5. Nc3 a6 6. Be3 e5 7. Nb3 Be6 8.
Qd2 Nbd7 9. Be2 b5 10. O-O-O Rc8 11. f3 Be7 12. Kb1 b4 13. Nd5 Bxd5 14. exd5
a5 15. g4 a4 16. Nc1 Nb6 17. Qxb4 Nbxd5 18. Qb5+ Qd7 19. Qa5 O-O 20. Rxd5
Nxd5 21. Qxd5 a3 22. b3 Qc7 23. c4 Qa5 24. Qd3 Rfd8 25. Bd2 Qb6 26. Be3 Qb7
27. Bd2 d5 28. cxd5 Rxd5 29. Qe4 Qc7 30. Bc4 Rd4 31. Qc2 Qd8 32. Bc3 Rcxc4
33. bxc4 Rxc4 34. Qb3 Qd3+ 35. Ka1 Rxc3 36. Rd1 {Black forfeits on time} 1-0

[Event "ICCopen2017"]
[Site "Internet Chess Club"]
[Date "2017.03.25"]
[Round "4"]
[White "MasterMind"]
[Black "Ososul"]
[Result "1-0"]
[ICCResult "Black forfeits on time"]
[WhiteElo "1763"]
[BlackElo "1514"]
[Opening "Nimzo-Indian defense"]
[ECO "E20"]
[NIC "NI.30"]
[Time "14:41:35"]
[TimeControl "180+0"]

1. d4 Nf6 2. c4 e6 3. Nc3 Bb4 4. Bd2 d5 5. cxd5 exd5 6. Nf3 O-O 7. Qb3 Be7
8. Bf4 c6 9. e3 Qb6 10. Qc2 Bg4 11. Ne5 Be6 12. Bd3 Nbd7 13. O-O Rfd8 14.
Rab1 c5 15. Rfd1 c4 16. Be2 g6 17. f3 Rac8 18. Kh1 Nxe5 19. Bxe5 Nd7 20. Bg3
Bf6 21. Bf2 Nb8 22. Bf1 Nc6 23. g3 Nb4 24. Qd2 Bf5 25. Rbc1 Bd3 26. Bg2 Qa5
27. a3 Nc6 28. Bf1 Bxf1 29. Rxf1 b5 30. Rcd1 Qb6 31. Qe2 a5 32. a4 b4 33.
Nb5 Ne7 34. e4 Qb7 35. e5 Bg7 36. Nd6 Rxd6 37. exd6 Nf5 38. g4 Nxd6 39. Bg3
Qd7 40. Rfe1 Re8 41. Qf2 Re6 42. Bxd6 Qxd6 43. Rxe6 Qxe6 44. Re1 Qd6 45. Qe3
Bf8 46. Qe5 Qd7 47. Kg2 Qxa4 48. Re2 Qc6 49. h4 c3 50. b3 c2 51. Re1 c1=Q
52. Rxc1 Qxc1 53. Qe2 Qc3 54. Qf2 Qc2 55. Qxc2 {Black forfeits on time} 1-0